 Dungeon Crawl Stone Soup version 0.31-a0-879-g1609e0ac53 (webtiles) character file.

Game seed: 12877123057375037538

413 tilp the Sneak (level 6, -3/46 HPs)
             Began as a Vampire Enchanter on Oct 14, 2023.
             Was an Initiate of Wu Jian.
             Slain by a komodo dragon (19 damage)
             ... on level 5 of the Dungeon.
             The game lasted 00:04:53 (3669 turns).

tilp the Sneak (Vampire Enchanter)                  Turns: 3669, Time: 00:04:54

Health: -3/46      AC:  4    Str:  7    XL:     6   Next: 59%
Magic:  5/11       EV: 13    Int: 20    God:    Wu Jian [......]
Gold:   233        SH:  5    Dex: 14    Spells: 7/12 levels left

rFire   . . .        b - +1 short sword (elec)
rCold   . . .        (no shield)
rNeg    . . .        j - +0 robe
rPois   +            h - +0 helmet
rElec   .            (no cloak)
rCorr   .            e - +0 pair of gloves
SInv    +            (no boots)
Will    +....        s - amulet of reflection
Stlth   +++          u - ring of willpower
HPRegen 0.47/turn    z - ring of poison resistance
MPRegen 0.12/turn

%: reflection
@: healing quickly
A: alive, fangs 3, see invisible, vampiric 2
a: Exsanguinate, Renounce Religion


You were on level 5 of the Dungeon.
You worshipped Wu Jian.
Wu Jian was noncommittal.
You visited 2 branches of the dungeon, and saw 6 of its levels.

You collected 233 gold pieces.

Inventory:

Hand Weapons
 a - a +1 dagger
 b - a +1 short sword of electrocution (weapon)
 q - a +0 dagger of venom
Missiles
 g - 4 javelins
 r - 6 poisoned darts (quivered)
 x - 2 datura-tipped darts
Armour
 e - a +0 pair of gloves (worn)
 h - a +0 helmet (worn)
 j - a +0 robe (worn)
Magical Staves
 i - a staff of earth
 y - a staff of conjuration
Jewellery
 s - an amulet of reflection (around neck)
 u - a ring of willpower (left hand)
 z - a ring of poison resistance (right hand)
Wands
 m - a wand of digging (7)
 p - a wand of flame (13)
 v - a wand of polymorph (6)
Scrolls
 d - a scroll of teleportation
 A - a scroll of vulnerability {unknown}
 B - a scroll of identify
Potions
 c - 2 potions of invisibility
 f - a potion of magic
 k - 2 potions of lignification
 l - a potion of berserk rage
 n - a potion of heal wounds
 o - 4 potions of curing {unknown}
 t - a potion of resistance {unknown}
 w - a potion of enlightenment {unknown}
 C - 3 potions of ambrosia {unknown}
 D - 2 potions of attraction {unknown}


   Skills:
 * Level 2.4 Fighting
 * Level 3.3 Short Blades
 + Level 3.2 Dodging
 + Level 5.8 Stealth
 * Level 3.5 Spellcasting
 + Level 5.5 Hexes
 + Level 0.9 Evocations


You had 7 spell levels left.
You knew the following spells:

 Your Spells              Type           Power      Damage    Failure   Level
a - Ensorcelled Hibernat  Hex/Ice        28%        N/A       7%          2
b - Confusing Touch       Hex            25%        N/A       4%          3

Your spell library contained the following spells:

 Spells                   Type           Power      Damage    Failure   Level
 Slow                     Hex            100%       N/A       1%          1
 Sigil of Binding         Hex            25%        N/A       4%          3
 Tukima's Dance           Hex            25%        N/A       4%          3
 Dazzling Flash           Conj/Hex       28%        N/A       13%         3
 Call Canine Familiar     Summ           3%         N/A       38%         3
 Vampiric Draining        Necr           3%         2d6       38%         3
 Dimensional Bullseye     Hex/Tloc       7%         N/A       41%         4
 Leda's Liquefaction      Hex/Erth       7%         N/A       41%         4
 Iskenderun's Battlesphe  Conj           3%         2d6       98%         5
 Bombard                  Conj/Erth      1%         9d1       100%        6
 Spellforged Servitor     Conj/Summ      1%         N/A       100%        7


Dungeon Overview and Level Annotations

Branches:
Dungeon (5/15)             Temple (1/1) D:4

Altars:
Ashenzari
Cheibriados
Dithmenos
Gozag
Hepliaklqana
Kikubaaqudgha
Makhleb
Nemelex Xobeh
Okawaru
Qazlal
Ru
Trog
Uskayaw
Vehumet
Wu Jian
Xom
Yredelemnul

Annotations:
D:1 dig vault


Innate Abilities, Weirdness & Mutations

Your natural rate of healing is accelerated.
You have razor-sharp teeth.
You have supernaturally acute eyesight. (SInv)
You are afflicted with vampirism and can become a bat while bloodless.


Message History

There is an open door here.
Found a stone staircase leading up.
There is a stone staircase leading up here.
C - 3 viscous sapphire potions (gained 2)
Found a chain mail.
Found a helmet.
Found a stone staircase leading down.
There is a stone staircase leading down here.
D - 2 glowing yellow potions A scorpion comes into view.
A scorpion is nearby!
A scorpion is nearby!
A komodo dragon comes into view.
Found a hide-covered altar of Uskayaw.
The komodo dragon hisses angrily.
A howler monkey comes into view.
Casting: Ensorcelled Hibernation (safe; 7% risk of failure)
Confirm with . or Enter, or press ? or * to list all spells.
Aiming: Ensorcelled Hibernation (safe; 7% risk of failure)
Press: ? - help, Shift-Dir - straight line, f - komodo dragon
Aim: a komodo dragon (chance to affect: 30%)
The komodo dragon easily resists.
Unknown command.
Casting: Ensorcelled Hibernation (safe; 7% risk of failure)
Confirm with . or Enter, or press ? or * to list all spells.
Aiming: Ensorcelled Hibernation (safe; 7% risk of failure)
Press: ? - help, Shift-Dir - straight line, f/p - komodo dragon
Aim: a komodo dragon (chance to affect: 30%)
The komodo dragon easily resists.
The howler monkey howls!
The komodo dragon bites you!!
Ouch! That really hurt!
* * * LOW HITPOINT WARNING * * *
Casting: Ensorcelled Hibernation (safe; 7% risk of failure)
Confirm with . or Enter, or press ? or * to list all spells.
Aiming: Ensorcelled Hibernation (safe; 7% risk of failure)
Press: ? - help, Shift-Dir - straight line, f/p - komodo dragon
Aim: a komodo dragon (chance to affect: 30%)
The komodo dragon easily resists.
The komodo dragon bites you!!
You die...

*** **,** **,*,**
**,***,###### *,*#,,,......
#################.#,*,.#####
#..........@lsh..#,,,,,#####
#>##############............
#.# *##.._...#### #.#
**...#** # #.# *#.## #
#.######### #.#######
#.........## #........
########...#########[.#####.
#...........#..# #.


You could see a komodo dragon, a scorpion and a howler monkey.

Vanquished Creatures
  Sigmund (D:3)
  Jessica (D:3)
  Ijyb (D:3)
  Terence (D:3)
  An orc wizard (D:3)
  Robin (D:3)
  4 adders
  5 worms
  2 dart slugs
  6 orcs
  5 endoplasms
  3 giant cockroaches
  16 goblins
  9 hobgoblins
  6 jackals
  2 quokkas (D:3)
  6 ball pythons
  3 bats
  3 frilled lizards
  7 kobolds
  8 rats
91 creatures vanquished.

Notes
Turn   | Place    | Note
-------+----------+-------------------------------------------
     0 | D:1      | tilp the Vampire Enchanter began the quest for the Orb.
     0 | D:1      | Reached XP level 1. HP: 13/13 MP: 3/3
   566 | D:1      | Reached XP level 2. HP: 20/20 MP: 5/5
   709 | D:2      | Learned a level 2 spell: Ensorcelled Hibernation
   956 | D:2      | Gained mutation: You are afflicted with vampirism and can
                  | become a bat while bloodless. [Vampire growth]
   956 | D:2      | Reached XP level 3. HP: 23/25 MP: 6/6
   962 | D:2      | Learned a level 3 spell: Confusing Touch
  1007 | D:2      | Reached skill level 1 in Fighting
  1315 | D:2      | Found a faded altar of an unknown god.
  1407 | D:2      | You fall into a shaft and drop 1 floor!
  1410 | D:3      | Noticed Ijyb
  1417 | D:3      | Killed Ijyb
  1418 | D:3      | Reached skill level 5 in Stealth
  1418 | D:3      | Reached XP level 4. HP: 32/32 MP: 7/7
  1593 | D:3      | Noticed Terence
  1599 | D:3      | Killed Terence
  1681 | D:3      | Found a shimmering altar of Xom.
  1685 | D:3      | Found a shimmering altar of Xom.
  1685 | D:3      | Found an ornate altar of the Wu Jian Council.
  1689 | D:3      | Found an opulent altar of Gozag.
  1689 | D:3      | Found a shimmering altar of Xom.
  1689 | D:3      | Found a stormy altar of Qazlal.
  1833 | D:3      | Reached XP level 5. HP: 30/38 MP: 6/9
  1892 | D:3      | Reached skill level 5 in Hexes
  2103 | D:3      | Noticed Robin
  2307 | D:3      | Killed Robin
  2572 | D:3      | Noticed Sigmund
  2587 | D:3      | Killed Sigmund
  2588 | D:3      | Reached XP level 6. HP: 30/44 MP: 2/11
  2680 | D:3      | Noticed Jessica
  2705 | D:3      | Killed Jessica
  2856 | D:4      | Found a radiant altar of Vehumet.
  2997 | D:4      | Found a staircase to the Ecumenical Temple.
  3066 | Temple   | Entered the Ecumenical Temple
  3076 | Temple   | Became a worshipper of the Wu Jian Council
  3341 | D:5      | Entered Level 5 of the Dungeon
  3342 | D:5      | Found a bloodstained altar of Trog.
  3660 | D:5      | Found a hide-covered altar of Uskayaw.
  3660 | D:5      | Noticed a komodo dragon
  3669 | D:5      | Slain by a komodo dragon

Illustrated notes

Levels and vault maps discovered:
D:1:      psy_arrival_spokes, layout_loops_ring, minmay_statues_item,
          chequers_serial_rivers_small_a
D:2:      layout_basic, hellmonk_ecumenical_altar_run_dry, serial_curves,
          eino_curves_01, eino_curves_01, minmay_quantized
D:3:      layout_loops_ring, doesnt_xom_only_xom, uniq_jessica, uniq_terence,
          uniq_robin, uniq_sigmund, uniq_ijyb
D:4:      layout_cave_pools, lemuel_coloured_pillars_altar,
          minmay_temple_entry_junction
D:5:      layout_loops_ring, gammafunk_temple_overflow_statue, serial_glass,
          glass_columns_b, glass_columns_a, hangedman_feature_mirror,
          minivault_11
Temple:   eino_temple_water

Skill      XL: |  1  2  3  4  5 |
---------------+----------------+-----
Fighting       | 1 2 |  2.4
Short Blades   | 2 3 |  3.3
Stealth        | 5 |  5.8
Spellcasting   | 3 |  3.5
Hexes          | 5 |  5.5
Dodging        | 3 |  3.2
Evocations     | |  0.9

Action                     |  1- 3 |  4- 6 || total
---------------------------+-------+-------++-------
  Melee: Dagger            |    13 |       ||    13
         Short sword       |    75 |   137 ||   212
         Bite              |     3 |    17 ||    20
         Punch             |       |     2 ||     2
         Unarmed           |       |     8 ||     8
   Cast: Ensorcelled Hiber |       |    20 ||    20
Ability: Lunge             |       |     3 ||     3
    Use: Scroll            |       |     7 ||     7
   Stab: Sleeping          |    10 |    17 ||    27
 Armour: Robe              |    20 |    53 ||    73
  Dodge: Dodged            |    46 |    67 ||   113
  Block: Other             |       |    28 ||    28

Table legend: (Time is in decaauts)
 A = Elapsed time spent in this place.
 B = Non-inter-level travel time spent in this place.
 C = Inter-level travel time spent in this place.
 D = Time resting spent in this place.
 E = Time spent auto-exploring this place.
 F = Levels seen in this place.
 G = Mean time per level.
                   A        B        C        D        E       F      G
               +--------+--------+--------+--------+--------+-----+--------+
         Total |   3642 |   3529 |    113 |    322 |   2530 |   6 |  607.0 |
       Dungeon |   3621 |   3528 |     93 |    322 |   2530 |   5 |  724.2 |
        Temple |     20 |      1 |     19 |      0 |      0 |   1 |   20.0 |
               +--------+--------+--------+--------+--------+-----+--------+

Top non-repeatable levels by time:
     D:2: 1086 daAuts
     D:3: 1042 daAuts
     D:1: 658 daAuts
     D:4: 506 daAuts
     D:5: 327 daAuts
  Temple: 20 daAuts
